[Event "European Womens-ch 2025"]
[Site "Rhodes"]
[Date "2025.04.03"]
[Round "4.19"]
[White "Gevorgyan, Maria"]
[Black "Fataliyeva, Ulviyya"]
[Result "1-0"]
[Annotator "ChessBase"]
[ECO "C22"]
[WhiteElo "2234"]
[BlackElo "2387"]
[PlyCount "105"]
[EventDate "2025.03.29"]
[EventType "swiss"]
[EventCountry "GRE"]
[SourceTitle "playchess.com"]
[Source "ChessBase"]
[SourceQuality "1"]
[TimeControl "40/5400+30:1800+30"]

1. e4 e5 2. d4 exd4 3. Qxd4 Nc6 4. Qc4 Nf6 5. Nc3 Bb4 6. Bd2 O-O 7. O-O-O Re8 8. f3 d6 9. g4 a5 10. a3 Ne5 11. Qe2 Be6 12. Qf2 Nfd7 13. f4 Nxg4 14. Qg3 Ndf6 15. Bd3 Bc5 16. Rf1 Bd7 17. h3 Nf2 18. Rxf2 Bxf2 19. Qxf2 b5 20. Qf3 b4 21. Nd5 bxa3 22. bxa3 c6 23. Nc3 Rb8 24. Nge2 Qb6 25. Rg1 Qc5 26. Kd1 d5 27. e5 Ne4 28. Nxe4 dxe4 29. Qxe4 g6 30. Qd4 Qe7 31. Bxa5 Bxh3 32. Bb4 Qe6 33. Bd6 Rbd8 34. Ng3 c5 35. Qxc5 Qg4+ 36. Ne2 Qf3 37. Rg3 Qh5 38. Qg1 Bc8 39. a4 Bb7 40. Qf1 Bc6 41. Qh3 Qxh3 42. Rxh3 Bxa4 43. Kd2 f6 44. c4 Bd7 45. Rh2 Ra8 46. c5 Ra2+ 47. Ke3 Rb2 48. Rh1 g5 49. Bxh7+ Kg7 50. Bd3 Bg4 51. Ng3 gxf4+ 52. Kxf4 Rb4+ 53. Be4 1-0

[Event "European Womens-ch 2025"]
[Site "Rhodes"]
[Date "2025.04.03"]
[Round "4.20"]
[White "Lehaci, Miruna-Daria"]
[Black "Atalik, Ekaterina"]
[Result "1/2-1/2"]
[Annotator "RC"]
[ECO "B12"]
[WhiteElo "2212"]
[BlackElo "2375"]
[PlyCount "67"]
[EventDate "2025.03.29"]
[EventType "swiss"]
[EventCountry "GRE"]
[SourceTitle "playchess.com"]
[Source "ChessBase"]
[SourceQuality "1"]
[TimeControl "40/5400+30:1800+30"]

1. e4 c6 2. d4 d5 3. f3 Qb6 4. Nc3 e6 5. a3 Nf6 6. e5 Nfd7 7. f4 c5 8. Nf3 Nc6 9. dxc5 Bxc5 10. Na4 Qa5+ 11. c3 Be7 12. b4 Qc7 13. Bd3 f6 14. exf6 Nxf6 15. O-O O-O 16. Qe2 Bd6 17. Ng5 Nd8 18. c4 dxc4 19. Bxc4 Bd7 20. Nb2 b5 21. Bb3 h6 22. Ne4 Be7 23. Nd3 Nxe4 24. Qxe4 Bc6 25. Qe2 Bf6 26. Bb2 Bxb2 27. Qxb2 Bd5 28. Bxd5 exd5 29. Rac1 Qd6 30. Ne5 a5 31. f5 axb4 32. axb4 Qb6+ 33. Kh1 Qf6 34. Qc3 1/2-1/2

[Event "European Womens-ch 2025"]
[Site "Rhodes"]
[Date "2025.04.03"]
[Round "4.21"]
[White "Milliet, Sophie"]
[Black "Mgeladze, Kesaria"]
[Result "1-0"]
[Annotator "RC"]
[ECO "A70"]
[WhiteElo "2371"]
[BlackElo "2200"]
[PlyCount "65"]
[EventDate "2025.03.29"]
[EventType "swiss"]
[EventCountry "GRE"]
[SourceTitle "playchess.com"]
[Source "ChessBase"]
[SourceQuality "1"]
[TimeControl "40/5400+30:1800+30"]

1. d4 Nf6 2. c4 g6 3. Nc3 Bg7 4. e4 d6 5. h3 O-O 6. Be3 c5 7. d5 e6 8. Nf3 exd5 9. cxd5 Re8 10. Nd2 a6 11. a4 Nxe4 12. Ncxe4 f5 13. Be2 fxe4 14. Nc4 Qf6 15. Nb6 Ra7 16. a5 Qxb2 17. Rb1 Qc3+ 18. Bd2 Qd4 19. O-O Bf5 20. Rb3 Qf6 21. Qc1 Nd7 22. g4 Ne5 23. gxf5 Qxf5 24. Rg3 h5 25. h4 Rf8 26. Qc2 Bf6 27. Bg5 Bxg5 28. Rxg5 Qf4 29. Qc3 e3 30. Qxe3 Qxh4 31. f4 Nf7 32. Qe6 Kh8 33. Qf6+ 1-0

[Event "European Womens-ch 2025"]
[Site "Rhodes"]
[Date "2025.04.03"]
[Round "4.22"]
[White "Kiolbasa, Oliwia"]
[Black "Dwilewicz, Katarzyna"]
[Result "1-0"]
[Annotator "RC"]
[ECO "B81"]
[WhiteElo "2360"]
[BlackElo "2203"]
[PlyCount "117"]
[EventDate "2025.03.29"]
[EventType "swiss"]
[EventCountry "GRE"]
[SourceTitle "playchess.com"]
[Source "ChessBase"]
[SourceQuality "1"]
[TimeControl "40/5400+30:1800+30"]

1. e4 c5 2. Nf3 d6 3. d4 cxd4 4. Nxd4 Nf6 5. Nc3 a6 6. h3 e6 7. g4 Nfd7 8. g5 Be7 9. Be3 Nc6 10. h4 Qc7 11. f4 b5 12. Nxc6 Qxc6 13. a3 Bb7 14. Rh3 h6 15. g6 fxg6 16. Qg4 Nf8 17. O-O-O h5 18. Qg1 Bf6 19. Bd4 Bxd4 20. Qxd4 Rd8 21. Rg3 Rd7 22. Rg5 e5 23. Qg1 Ne6 24. Rxg6 Nxf4 25. Rxg7 Rf8 26. Nd5 Rxg7 27. Qxg7 Nxd5 28. exd5 Qd7 29. Qg6+ Kd8 30. Qxh5 Qf5 31. Qxf5 Rxf5 32. Be2 Rf2 33. Kd2 Rh2 34. h5 Ke7 35. Ke3 Rh3+ 36. Bf3 Kf6 37. Kf2 e4 38. Bg4 Rh2+ 39. Kg3 Rxc2 40. h6 Rc7 41. Kf4 Rh7 42. Rh1 e3 43. Bf5 Rh8 44. Be4 e2 45. h7 Kg7 46. Re1 Rf8+ 47. Ke3 Re8 48. Kd4 Kh8 49. Rxe2 Re5 50. Rf2 Re8 51. Rf7 Bc8 52. Ke3 a5 53. Kd4 b4 54. Ra7 bxa3 55. bxa3 a4 56. Rxa4 Bb7 57. Rb4 Ra8 58. Rxb7 Ra4+ 59. Rb4 1-0

[Event "European Womens-ch 2025"]
[Site "Rhodes"]
[Date "2025.04.03"]
[Round "4.23"]
[White "Gaponenko, Inna"]
[Black "Huseynova, Lala"]
[Result "1-0"]
[Annotator "RC"]
[ECO "B55"]
[WhiteElo "2349"]
[BlackElo "2065"]
[PlyCount "89"]
[EventDate "2025.03.29"]
[EventType "swiss"]
[EventCountry "GRE"]
[SourceTitle "playchess.com"]
[Source "ChessBase"]
[SourceQuality "1"]
[TimeControl "40/5400+30:1800+30"]

1. e4 c5 2. Nf3 d6 3. d4 cxd4 4. Nxd4 Nf6 5. f3 e5 6. Nb3 Be6 7. c4 Be7 8. Be3 O-O 9. Nc3 Na6 10. Be2 Rc8 11. Nd5 Nxd5 12. cxd5 Bd7 13. Qd2 f5 14. O-O h6 15. Na5 Qc7 16. Rac1 Qb8 17. Rxc8 Rxc8 18. Bxa6 bxa6 19. Nc6 Bxc6 20. dxc6 Kh8 21. Rc1 Qb5 22. Qd5 Qxb2 23. exf5 Bg5 24. Bxg5 hxg5 25. Qc4 d5 26. Qc3 Qe2 27. Re1 d4 28. Qb4 Qc2 29. Rxe5 d3 30. Rd5 Re8 31. h4 Qxc6 32. Rxd3 Qc1+ 33. Kh2 Re1 34. hxg5 Rh1+ 35. Kg3 Qxg5+ 36. Qg4 Qe7 37. Qe4 Qc7+ 38. Qf4 Qe7 39. Re3 Qf6 40. Re6 Qc3 41. Re8+ Kh7 42. Qb8 g6 43. Re7+ Kh6 44. Qf4+ g5 45. Qd6+ 1-0

[Event "European Womens-ch 2025"]
[Site "Rhodes"]
[Date "2025.04.03"]
[Round "4.24"]
[White "Karacsonyi, Kata"]
[Black "Mammadova, Gulnar"]
[Result "0-1"]
[Annotator "RC"]
[ECO "C50"]
[WhiteElo "2198"]
[BlackElo "2342"]
[PlyCount "80"]
[EventDate "2025.03.29"]
[EventType "swiss"]
[EventCountry "GRE"]
[SourceTitle "playchess.com"]
[Source "ChessBase"]
[SourceQuality "1"]
[TimeControl "40/5400+30:1800+30"]

1. e4 e5 2. Nf3 Nc6 3. Bc4 Nf6 4. d3 Bc5 5. Bg5 h6 6. Bh4 Be7 7. a4 d6 8. c3 Nh5 9. Bg3 Nxg3 10. fxg3 Be6 11. Bd5 O-O 12. O-O Bxd5 13. exd5 Nb8 14. g4 c6 15. Qb3 Nd7 16. d4 e4 17. Nfd2 Nf6 18. c4 cxd5 19. cxd5 Nxg4 20. Nxe4 f5 21. Nf2 Bf6 22. Nxg4 fxg4 23. Nd2 Bxd4+ 24. Kh1 Qb6 25. Qxb6 axb6 26. Nc4 Bc5 27. b3 Rae8 28. g3 Re2 29. Rxf8+ Kxf8 30. Rb1 Ke7 31. b4 Bf2 32. a5 b5 33. Na3 Re1+ 34. Rxe1+ Bxe1 35. Nc2 Bc3 36. Kg2 Kf6 37. Na3 Bxb4 38. Nxb5 Ke5 39. h3 gxh3+ 40. Kxh3 Bxa5 0-1

[Event "European Womens-ch 2025"]
[Site "Rhodes"]
[Date "2025.04.03"]
[Round "4.25"]
[White "Zhukova, Natalia"]
[Black "Korenova, Martina"]
[Result "1-0"]
[Annotator "RC"]
[ECO "A84"]
[WhiteElo "2306"]
[BlackElo "2045"]
[PlyCount "67"]
[EventDate "2025.03.29"]
[EventType "swiss"]
[EventCountry "GRE"]
[SourceTitle "playchess.com"]
[Source "ChessBase"]
[SourceQuality "1"]
[TimeControl "40/5400+30:1800+30"]

1. d4 f5 2. Nf3 Nf6 3. c4 g6 4. e3 Bg7 5. Be2 O-O 6. b4 Ne4 7. Bb2 b6 8. Nbd2 Bb7 9. h4 h6 10. Nxe4 fxe4 11. Ne5 Qe8 12. h5 g5 13. Bg4 e6 14. b5 d6 15. Ng6 Rf7 16. O-O Nd7 17. a4 a6 18. Qe2 Nf8 19. c5 bxc5 20. dxc5 axb5 21. axb5 Bd5 22. Nxf8 Rxf8 23. Bxg7 Kxg7 24. c6 Rxa1 25. Rxa1 Qb8 26. Ra6 Qd8 27. Ra7 Rf7 28. Qc2 Qb8 29. Qc3+ Kh7 30. Qa5 Qd8 31. Qc3 Qh8 32. Qxh8+ Kxh8 33. b6 Bxc6 34. Bxe6 1-0

[Event "European Womens-ch 2025"]
[Site "Rhodes"]
[Date "2025.04.03"]
[Round "4.26"]
[White "Kochavi, Dana"]
[Black "Hapala, Elisabeth"]
[Result "1-0"]
[Annotator "RC"]
[ECO "B48"]
[WhiteElo "2301"]
[BlackElo "2092"]
[PlyCount "73"]
[EventDate "2025.03.29"]
[EventType "swiss"]
[EventCountry "GRE"]
[SourceTitle "playchess.com"]
[Source "ChessBase"]
[SourceQuality "1"]
[TimeControl "40/5400+30:1800+30"]

1. e4 c5 2. Nf3 e6 3. d4 cxd4 4. Nxd4 Nc6 5. Nc3 Qc7 6. Be3 a6 7. Bd3 Nf6 8. Qe2 b5 9. Nxc6 dxc6 10. a4 Bb7 11. O-O Bd6 12. f4 e5 13. f5 O-O 14. Rad1 Rfd8 15. Bg5 Be7 16. Rf3 Rd4 17. Be3 Rd7 18. Rg3 Rad8 19. Rf1 Rc8 20. Bh6 g6 21. fxg6 fxg6 22. Rgf3 Nh5 23. g3 Bc5+ 24. Kh1 Re8 25. Bc4+ Kh8 26. Bf7 Rb8 27. Be6 Rdd8 28. Rf7 Qd6 29. Bb3 bxa4 30. Nxa4 Bc8 31. Rf8+ Rxf8 32. Bxf8 Qxf8 33. Rxf8+ Bxf8 34. Qc4 Nf6 35. Qf7 Bg7 36. Qc7 Nd7 37. Nc5 1-0

[Event "European Womens-ch 2025"]
[Site "Rhodes"]
[Date "2025.04.03"]
[Round "4.27"]
[White "Golsta, Madara"]
[Black "Heinemann, Josefine"]
[Result "0-1"]
[Annotator "RC"]
[ECO "E51"]
[WhiteElo "1979"]
[BlackElo "2297"]
[PlyCount "92"]
[EventDate "2025.03.29"]
[EventType "swiss"]
[EventCountry "GRE"]
[SourceTitle "playchess.com"]
[Source "ChessBase"]
[SourceQuality "1"]
[TimeControl "40/5400+30:1800+30"]

1. d4 Nf6 2. c4 e6 3. Nc3 Bb4 4. e3 O-O 5. Bd2 d5 6. Nf3 b6 7. cxd5 exd5 8. Bd3 Bd6 9. Rc1 c5 10. O-O Bb7 11. Ne5 Nc6 12. f4 cxd4 13. Nxc6 Bxc6 14. exd4 Qd7 15. f5 Ne4 16. f6 g6 17. Bh6 Rfe8 18. Qf3 Re6 19. Bxe4 dxe4 20. Qh3 Ree8 21. Qh4 Bb4 22. d5 Bb7 23. a3 Bc5+ 24. Kh1 Re5 25. Bf4 Rh5 26. Qg3 Bxd5 27. Rfd1 Qe6 28. Nb5 Rd8 29. b4 Bf8 30. Bg5 Qf5 31. h4 h6 32. Be3 Qxf6 33. Nxa7 Rxh4+ 34. Kg1 Bd6 35. Qf2 Bh2+ 36. Kf1 Bc4+ 37. Rxc4 Rxd1+ 38. Ke2 Qxf2+ 39. Bxf2 Rf4 40. Kxd1 Rxf2 41. Rxe4 Rxg2 42. Nc8 Ra2 43. Rh4 Bg1 44. Rxh6 Rxa3 45. Kc2 Kg7 46. Rh1 Rg3 0-1

[Event "European Womens-ch 2025"]
[Site "Rhodes"]
[Date "2025.04.03"]
[Round "4.28"]
[White "Rida, Ruqayyah"]
[Black "Yao, Lan"]
[Result "1/2-1/2"]
[Annotator "RC"]
[ECO "B90"]
[WhiteElo "2065"]
[BlackElo "2294"]
[PlyCount "217"]
[EventDate "2025.03.29"]
[EventType "swiss"]
[EventCountry "GRE"]
[SourceTitle "playchess.com"]
[Source "ChessBase"]
[SourceQuality "1"]
[TimeControl "40/5400+30:1800+30"]

1. e4 c5 2. Nf3 d6 3. d4 cxd4 4. Nxd4 Nf6 5. Nc3 a6 6. f3 e5 7. Nb3 Be6 8. Be3 h5 9. Qd2 Nbd7 10. Nd5 Bxd5 11. exd5 g6 12. c4 Bg7 13. Be2 b6 14. O-O O-O 15. Rab1 a5 16. Nc1 Nh7 17. b3 f5 18. Nd3 h4 19. Qd1 Bf6 20. a3 Bg5 21. f4 Bh6 22. Qd2 g5 23. fxe5 dxe5 24. Qc2 Bg7 25. Rbd1 g4 26. b4 axb4 27. axb4 Ng5 28. Ne1 e4 29. c5 bxc5 30. bxc5 h3 31. Qd2 hxg2 32. Nxg2 Nh3+ 33. Kh1 Ne5 34. d6 Qd7 35. Qd5+ Kh7 36. Rb1 Qf7 37. Qxf7 Rxf7 38. Bd4 f4 39. Bxe5 Bxe5 40. Bxg4 Ng5 41. h4 Kg6 42. d7 Nf3 43. Rbd1 Rd8 44. c6 Bc7 45. Bxf3 exf3 46. Rxf3 Rf6 47. Rc1 Ra8 48. Rc5 Ra1+ 49. Kh2 Rd1 50. h5+ Kf7 51. Nh4 Rdd6 52. Ng6 Kg7 53. Ne7 Kf7 54. Nd5 Rf5 55. Nxc7 Rxc5 56. Rxf4+ Kg8 57. Ne6 Rcxc6 58. Rg4+ Kh7 59. d8=Q Rxd8 60. Nxd8 Rc5 61. Rh4 Rf5 62. Kg3 Kh6 63. Kg4 Rg5+ 64. Kf4 Rxh5 65. Nf7+ Kg6 66. Ne5+ Kh6 67. Rg4 Kh7 68. Rg1 Rh2 69. Ng4 Ra2 70. Nf6+ Kh6 71. Ng8+ Kh7 72. Ne7 Rf2+ 73. Ke5 Ra2 74. Kf6 Ra6+ 75. Kf7 Kh6 76. Ng8+ Kh5 77. Nf6+ Kh4 78. Kg6 Ra5 79. Ne4 Ra6+ 80. Kf5 Ra5+ 81. Kf4 Kh5 82. Rg8 Kh6 83. Rg2 Ra4 84. Kf5 Ra5+ 85. Ke6 Ra6+ 86. Nd6 Kh5 87. Kf5 Ra5+ 88. Kf4 Ra4+ 89. Ne4 Kh6 90. Rb2 Kg6 91. Rb6+ Kf7 92. Rb5 Kg6 93. Ke5 Ra1 94. Rb6+ Kg7 95. Ng3 Ra5+ 96. Kf4 Kf7 97. Ne4 Ke7 98. Rh6 Kf7 99. Nd6+ Ke7 100. Nf5+ Kd7 101. Kg5 Ra1 102. Rd6+ Kc7 103. Kf6 Rf1 104. Ra6 Kd7 105. Ke5 Re1+ 106. Kd5 Rd1+ 107. Nd4 Ke7 108. Rh6 Kf7 109. Ke5 1/2-1/2

[Event "European Womens-ch 2025"]
[Site "Rhodes"]
[Date "2025.04.03"]
[Round "4.29"]
[White "Zimina, Olga"]
[Black "Kosma, Maria"]
[Result "1-0"]
[Annotator "RC"]
[ECO "E05"]
[WhiteElo "2293"]
[BlackElo "1826"]
[PlyCount "43"]
[EventDate "2025.03.29"]
[EventType "swiss"]
[EventCountry "GRE"]
[SourceTitle "playchess.com"]
[Source "ChessBase"]
[SourceQuality "1"]
[TimeControl "40/5400+30:1800+30"]

1. Nf3 d5 2. g3 Nf6 3. Bg2 e6 4. O-O Be7 5. d4 O-O 6. c4 dxc4 7. Qc2 a6 8. a4 Bd7 9. Qxc4 Bc6 10. Bg5 Nbd7 11. Nc3 h6 12. Bxf6 Nxf6 13. Rfe1 Qd6 14. e4 Qb4 15. Qe2 Rfe8 16. Red1 b6 17. Qc2 Bd7 18. d5 exd5 19. e5 Nh7 20. Rd4 Qa5 21. Rxd5 Bb5 22. Qc1 1-0

[Event "European Womens-ch 2025"]
[Site "Rhodes"]
[Date "2025.04.03"]
[Round "4.30"]
[White "Javakhishvili, Lela"]
[Black "Schloffer, Jasmin-Denise"]
[Result "1-0"]
[Annotator "RC"]
[ECO "E17"]
[WhiteElo "2429"]
[BlackElo "2188"]
[PlyCount "105"]
[EventDate "2025.03.29"]
[EventType "swiss"]
[EventCountry "GRE"]
[SourceTitle "playchess.com"]
[Source "ChessBase"]
[SourceQuality "1"]
[TimeControl "40/5400+30:1800+30"]

1. d4 Nf6 2. c4 e6 3. Nf3 b6 4. g3 Bb7 5. Bg2 Be7 6. O-O O-O 7. Re1 d5 8. cxd5 exd5 9. Nc3 Nbd7 10. Qc2 c5 11. Bf4 a6 12. dxc5 bxc5 13. Ne5 Ra7 14. Na4 Nxe5 15. Bxe5 Nd7 16. Bf4 Qa5 17. b3 Bc6 18. Nc3 Nf6 19. Rac1 Rd8 20. Red1 Qb4 21. Nb1 Ba8 22. Be5 Qb6 23. Nc3 Qe6 24. Bxf6 gxf6 25. Rd2 d4 26. Na4 Bxg2 27. Kxg2 Rc7 28. Qd3 Rd5 29. Kg1 Rh5 30. Qf3 Qh3 31. Qg2 Qe6 32. Nb2 Bf8 33. Rdc2 Bh6 34. Rd1 Rc8 35. Nd3 Kh8 36. Ne1 Rd5 37. Qf3 Rcd8 38. Qd3 f5 39. f4 Bg7 40. Rdc1 Qd6 41. Qf3 d3 42. Nxd3 Bd4+ 43. Kf1 Re8 44. b4 cxb4 45. Rc6 Qd7 46. Nxb4 Rb5 47. Nd3 Ra5 48. R1c2 Rb8 49. Kg2 Rb1 50. Nc1 Qe7 51. Qd3 Bf6 52. Rc7 Qe6 53. R2c6 1-0

[Event "European Womens-ch 2025"]
[Site "Rhodes"]
[Date "2025.04.03"]
[Round "4.31"]
[White "Pavlidou, Ekaterini"]
[Black "Vega Gutierrez, Sabrina"]
[Result "0-1"]
[Annotator "RC"]
[ECO "D31"]
[WhiteElo "2160"]
[BlackElo "2380"]
[PlyCount "74"]
[EventDate "2025.03.29"]
[EventType "swiss"]
[EventCountry "GRE"]
[SourceTitle "playchess.com"]
[Source "ChessBase"]
[SourceQuality "1"]
[TimeControl "40/5400+30:1800+30"]

1. d4 d5 2. c4 e6 3. Nf3 a6 4. cxd5 exd5 5. Nc3 h6 6. Bf4 Be6 7. e3 Bd6 8. Bd3 Bxf4 9. exf4 Ne7 10. Qc2 g6 11. h3 Qd6 12. Qd2 Nd7 13. Rc1 f6 14. Ne2 O-O-O 15. O-O g5 16. Rc3 Kb8 17. Rfc1 Rc8 18. Nh2 Rhg8 19. fxg5 hxg5 20. Re1 f5 21. Nc1 g4 22. hxg4 fxg4 23. Qe2 Rh8 24. Nf1 Rh6 25. Ng3 Rch8 26. Qe3 Nf8 27. Nb3 Nc6 28. Nc5 Bc8 29. Rb3 Ka7 30. Bf5 Bxf5 31. Rxb7+ Ka8 32. Qa3 Nd8 33. Re8 Bc8 34. Rxd8 Qxd8 35. Nxa6 Bxb7 36. Nxc7+ Kb8 37. Nb5 Qb6 0-1

[Event "European Womens-ch 2025"]
[Site "Rhodes"]
[Date "2025.04.03"]
[Round "4.32"]
[White "Zawadzka, Jolanta"]
[Black "Rodshtein, Tereza"]
[Result "1/2-1/2"]
[Annotator "RC"]
[ECO "A34"]
[WhiteElo "2326"]
[BlackElo "2171"]
[PlyCount "71"]
[EventDate "2025.03.29"]
[EventType "swiss"]
[EventCountry "GRE"]
[SourceTitle "playchess.com"]
[Source "ChessBase"]
[SourceQuality "1"]
[TimeControl "40/5400+30:1800+30"]

1. Nf3 Nf6 2. c4 c5 3. Nc3 d5 4. cxd5 Nxd5 5. e4 Nb4 6. Bb5+ N8c6 7. d3 a6 8. Bxc6+ Nxc6 9. Be3 e5 10. O-O Bd6 11. Rc1 O-O 12. Nd2 Be6 13. a3 Rc8 14. Ne2 Kh8 15. Nc4 Nd4 16. Bxd4 exd4 17. Nxd6 Qxd6 18. f4 f5 19. Ng3 b5 20. Qe2 h6 21. exf5 Bxf5 22. b4 c4 23. Nxf5 Rxf5 24. dxc4 bxc4 25. Rxc4 Rxc4 26. Qxc4 Rxf4 27. Rd1 Qe5 28. h3 Qe3+ 29. Kh2 Qe5 30. Kh1 Rf6 31. a4 Qe4 32. Qd3 Qd5 33. Rc1 Rf8 34. b5 axb5 35. axb5 Qf5 36. Qxd4 1/2-1/2

[Event "European Womens-ch 2025"]
[Site "Rhodes"]
[Date "2025.04.03"]
[Round "4.33"]
[White "Eric, Jovana"]
[Black "Doluhanova, Evgeniya"]
[Result "1/2-1/2"]
[Annotator "RC"]
[ECO "C54"]
[WhiteElo "2147"]
[BlackElo "2287"]
[PlyCount "24"]
[EventDate "2025.03.29"]
[EventType "swiss"]
[EventCountry "GRE"]
[SourceTitle "playchess.com"]
[Source "ChessBase"]
[SourceQuality "1"]
[TimeControl "40/5400+30:1800+30"]

1. e4 e5 2. Nf3 Nc6 3. Bc4 Bc5 4. c3 Nf6 5. d3 O-O 6. O-O d6 7. h3 h6 8. Re1 a5 9. a4 Bb6 10. Nbd2 Ne7 11. Nf1 c6 12. Ng3 Ng6 1/2-1/2

[Event "European Womens-ch 2025"]
[Site "Rhodes"]
[Date "2025.04.03"]
[Round "4.34"]
[White "Avramidou, Anastasia"]
[Black "Abdinova, Narmin"]
[Result "1/2-1/2"]
[Annotator "RC"]
[ECO "A13"]
[WhiteElo "2275"]
[BlackElo "2165"]
[PlyCount "33"]
[EventDate "2025.03.29"]
[EventType "swiss"]
[EventCountry "GRE"]
[SourceTitle "playchess.com"]
[Source "ChessBase"]
[SourceQuality "1"]
[TimeControl "40/5400+30:1800+30"]

1. c4 Nf6 2. Nc3 e6 3. Nf3 d5 4. e3 Be7 5. b3 O-O 6. Bb2 c5 7. d4 cxd4 8. exd4 dxc4 9. bxc4 Qa5 10. Qd2 Nc6 11. Bd3 Rd8 12. O-O Kh8 13. Nb1 Qh5 14. Be2 Qf5 15. Bd3 Qh5 16. Be2 Qf5 17. Bd3 1/2-1/2

[Event "European Womens-ch 2025"]
[Site "Rhodes"]
[Date "2025.04.03"]
[Round "4.35"]
[White "Dicen, Elis Denele"]
[Black "Smietanska, Wiktoria"]
[Result "0-1"]
[Annotator "RC"]
[ECO "D02"]
[WhiteElo "2129"]
[BlackElo "2254"]
[PlyCount "88"]
[EventDate "2025.03.29"]
[EventType "swiss"]
[EventCountry "GRE"]
[SourceTitle "playchess.com"]
[Source "ChessBase"]
[SourceQuality "1"]
[TimeControl "40/5400+30:1800+30"]

1. d4 d5 2. Bf4 c5 3. e3 Nc6 4. Nf3 Nf6 5. Nbd2 cxd4 6. exd4 Bf5 7. c3 h6 8. Qb3 Qc8 9. Ne5 e6 10. Qa4 a6 11. Be2 Be7 12. O-O O-O 13. Ndf3 Nd7 14. Qd1 b5 15. a4 Ndxe5 16. dxe5 b4 17. Nd4 Nxd4 18. cxd4 Qc2 19. Qd2 Rfc8 20. Rfc1 Qxd2 21. Bxd2 Bc2 22. f4 a5 23. Kf2 Bd8 24. Ke3 Bb6 25. Bd3 Bb3 26. g4 f6 27. Bb5 Kf7 28. Rxc8 Rxc8 29. Rc1 Rxc1 30. Bxc1 Bc4 31. Bd7 Ke7 32. Bc6 g5 33. Bb5 gxf4+ 34. Kxf4 Bxd4 35. exf6+ Bxf6 36. Bxc4 dxc4 37. Ke4 Kf7 38. h4 Kg6 39. h5+ Kg7 40. Kf3 b3 41. Ke2 c3 42. g5 Bxg5 43. Bxg5 hxg5 44. bxc3 b2 0-1

[Event "European Womens-ch 2025"]
[Site "Rhodes"]
[Date "2025.04.03"]
[Round "4.36"]
[White "Khachatryan, Anna"]
[Black "Sandu, Mihaela"]
[Result "1/2-1/2"]
[Annotator "RC"]
[ECO "E39"]
[WhiteElo "2091"]
[BlackElo "2230"]
[PlyCount "137"]
[EventDate "2025.03.29"]
[EventType "swiss"]
[EventCountry "GRE"]
[SourceTitle "playchess.com"]
[Source "ChessBase"]
[SourceQuality "1"]
[TimeControl "40/5400+30:1800+30"]

1. d4 Nf6 2. c4 e6 3. Nc3 Bb4 4. Qc2 c5 5. dxc5 Bxc5 6. Nf3 O-O 7. Bg5 Be7 8. e3 d6 9. Be2 Nbd7 10. O-O b6 11. Rfd1 Bb7 12. Nb5 h6 13. Bf4 e5 14. Bg3 Ne4 15. Nd2 Nxg3 16. hxg3 a6 17. Nc3 f5 18. b4 Qc7 19. Qb3 Nf6 20. Rac1 Kh8 21. Nd5 Qd8 22. Nf3 Nxd5 23. cxd5 Qd7 24. b5 a5 25. Rc6 Bd8 26. Nd2 Bc7 27. Rc3 Qf7 28. e4 Rad8 29. Rf3 Qd7 30. exf5 Rxf5 31. Bd3 Rxf3 32. gxf3 Qf7 33. Be4 g5 34. Nc4 Qd7 35. a4 Rf8 36. Qe3 Qd8 37. Kg2 Kg7 38. Rc1 Bc8 39. Qc3 Bb8 40. Qe3 Bc7 41. Qc3 Bb8 42. Ne3 h5 43. Rh1 Rh8 44. Bf5 Bxf5 45. Nxf5+ Kf6 46. g4 h4 47. Rc1 Rh7 48. Qc8 Qxc8 49. Rxc8 Bc7 50. Re8 Rd7 51. Re6+ Kf7 52. Rh6 Kg8 53. Rg6+ Kf8 54. Rxg5 Bd8 55. Rg6 Rh7 56. Kh3 Rc7 57. Rxd6 Bg5 58. Rc6 Rd7 59. d6 Bd8 60. g5 Bxg5 61. Rxb6 Kf7 62. Kg4 Bd8 63. Rc6 Ke6 64. Rc1 Rf7 65. Rc8 Rxf5 66. Rxd8 Rf4+ 67. Kg5 Rxa4 68. b6 Rb4 69. Ra8 1/2-1/2

[Event "European Womens-ch 2025"]
[Site "Rhodes"]
[Date "2025.04.03"]
[Round "4.37"]
[White "Khurtsilava, Inga"]
[Black "Yildiz, Elif Zeren"]
[Result "1/2-1/2"]
[Annotator "RC"]
[ECO "A21"]
[WhiteElo "2214"]
[BlackElo "2160"]
[PlyCount "106"]
[EventDate "2025.03.29"]
[EventType "swiss"]
[EventCountry "GRE"]
[SourceTitle "playchess.com"]
[Source "ChessBase"]
[SourceQuality "1"]
[TimeControl "40/5400+30:1800+30"]

1. c4 e5 2. Nc3 Bb4 3. g3 Bxc3 4. dxc3 Nc6 5. Bg2 d6 6. c5 Nf6 7. cxd6 cxd6 8. Bg5 h6 9. Bxf6 Qxf6 10. Nf3 O-O 11. O-O Rd8 12. e4 Be6 13. Nd2 d5 14. exd5 Bxd5 15. Bxd5 Rxd5 16. Ne4 Qe6 17. Qb3 b6 18. Rad1 Rad8 19. Rxd5 Qxd5 20. Qxd5 Rxd5 21. g4 f6 22. f3 Kf7 23. Kf2 Nd8 24. Ke3 Ne6 25. Rf2 h5 26. Rd2 Rxd2 27. Kxd2 hxg4 28. fxg4 Ke7 29. h4 g6 30. Ng3 Nf8 31. Ke3 Ke6 32. Ke4 Nh7 33. c4 f5+ 34. Kf3 Nf6 35. g5 Nd7 36. h5 gxh5 37. Nxh5 Kf7 38. Kg3 Kg6 39. Kh4 a5 40. b3 f4 41. Kg4 f3 42. Ng3 f2 43. Kf3 Kxg5 44. Ne4+ Kf5 45. Nxf2 Nc5 46. Ke3 Na6 47. Ne4 Nb4 48. Nd6+ Ke6 49. Nc8 Nxa2 50. Kd2 e4 51. Nxb6 e3+ 52. Kxe3 Nc1 53. c5 Nxb3 1/2-1/2

[Event "European Womens-ch 2025"]
[Site "Rhodes"]
[Date "2025.04.03"]
[Round "4.38"]
[White "Nenova, Andzhelika"]
[Black "Lach, Aleksandra"]
[Result "1-0"]
[Annotator "RC"]
[ECO "B34"]
[WhiteElo "1903"]
[BlackElo "2208"]
[PlyCount "185"]
[EventDate "2025.03.29"]
[EventType "swiss"]
[EventCountry "GRE"]
[SourceTitle "playchess.com"]
[Source "ChessBase"]
[SourceQuality "1"]
[TimeControl "40/5400+30:1800+30"]

1. e4 c5 2. Nf3 Nc6 3. Nc3 g6 4. d4 cxd4 5. Nxd4 Bg7 6. Be3 Nf6 7. Nxc6 bxc6 8. e5 Ng8 9. Bd4 Qa5 10. f4 Rb8 11. Qd2 Rxb2 12. Nd5 Qxd2+ 13. Kxd2 Rb8 14. Nc7+ Kd8 15. Na6 Bxa6 16. Bxa6 Rb4 17. Rab1 Rxd4+ 18. Ke3 c5 19. c3 Ra4 20. Rb8+ Kc7 21. Rc8+ Kb6 22. Bd3 Nf6 23. Rb1+ Rb4 24. Rxh8 Nd5+ 25. Kf3 Rxb1 26. Rb8+ Kc7 27. Rxb1 f6 28. Rb5 fxe5 29. fxe5 Bxe5 30. Rxc5+ Kd6 31. Ra5 Bxc3 32. Rxa7 e5 33. Bb5 Nf6 34. a4 Bd4 35. Ra8 g5 36. Bc4 e4+ 37. Ke2 Kc5 38. Rc8+ Kb4 39. Bb5 d5 40. Bc6 h5 41. Rb8+ Kc5 42. Ba8 Be5 43. Rb1 Bc3 44. Rc1 d4 45. Rf1 d3+ 46. Ke3 Bd4+ 47. Kd2 Be5 48. Bxe4 Nxe4+ 49. Kxd3 Kd5 50. Rf5 h4 51. h3 Nc5+ 52. Ke3 Nxa4 53. Rxg5 Nb2 54. Rh5 Nc4+ 55. Kd3 Nb2+ 56. Ke2 Na4 57. Rxh4 Nc5 58. Rh5 Na4 59. Rh4 Nc5 60. Ke3 Ke6 61. Rh6+ Bf6 62. g4 Kf7 63. Rh5 Ne6 64. Ra5 Bh4 65. Kf3 Ng5+ 66. Kg2 Ne6 67. Kh2 Nf4 68. Ra8 Ng6 69. Ra7+ Kg8 70. Ra5 Kg7 71. Kg2 Nf4+ 72. Kf3 Ne6 73. Rh5 Bf6 74. h4 Kg6 75. Kg3 Bd8 76. Rd5 Bc7+ 77. Kf3 Nf8 78. h5+ Kh6 79. Rc5 Bh2 80. Ke4 Bg1 81. Rc8 Nd7 82. Kf5 Nb6 83. g5+ Kg7 84. Rc7+ Kf8 85. Kg6 Nd5 86. Rc8+ Ke7 87. h6 Nf4+ 88. Kf5 Ne6 89. h7 Bd4 90. h8=Q Bxh8 91. Rxh8 Kf7 92. g6+ Kg7 93. Rh7+ 1-0